Map: [ESL] Data-C

Players

SKillous - Winner!

  • Race: Protoss Protoss
  • League: Grandmaster
  • Spawn Location: 9:00

Spirit (souL)

  • Race: Terran Terran
  • League: Master
  • Spawn Location: 3:00

Event: HomeStory Cup XXII

VOD

Have the link to the VOD?

Description

Time

  • Played on: Dec. 17, 2022, 11:37 a.m.
  • Length: 10:22

All games in this series

Show
View Real Time Build Order
Export as new Build Order

SKillous Protoss - Winner!

Build Orders: 1 Gate Expand, Phoenix Opening 

Get SALT Encoding   

  12  0:00  Probe  
  13  0:12  Probe  
  14  0:17  Pylon  
  14  0:24  Probe  
  15  0:35  Gateway  
  15  0:37  Probe (Chrono Boost)  
  16  0:46  Probe (Chrono Boost)  
  16  0:47  Assimilator  
  17  0:52  Probe  
  18  1:04  Probe  
  19  1:16  Probe  
  20  1:22  Cybernetics Core  
  20  1:34  Nexus  
  20  1:42  Pylon  
  20  1:46  Probe  
  21  1:51  Assimilator  
  21  1:58  Adept (Chrono Boost), Probe (Chrono Boost)  
  24  2:10  Probe (Chrono Boost)  
  25  2:18  Probe (Chrono Boost)  
  25  2:21  Stalker  
  28  2:26  Probe  
  29  2:31  Stargate  
  29  2:39  Warp Gate  
  29  2:40  Probe (Chrono Boost)  
  30  2:47  Probe (Chrono Boost)  
  32  2:56  Probe x2 (Chrono Boost)  
  33  2:58  Gateway  
  33  3:03  Probe  
  34  3:06  Probe  
  34  3:09  Shield Battery  
  35  3:13  Phoenix (Chrono Boost)  
  35  3:15  Probe  
  35  3:18  Probe  
  39  3:25  Pylon  
  39  3:27  Probe  
  39  3:29  Phoenix  
  39  3:30  Probe  
  43  3:39  Probe  
  44  3:42  Probe  
  45  3:51  Probe  
  45  3:53  Nexus  
  45  3:54  Probe  
  47  3:58  Phoenix (Chrono Boost)  
  49  4:03  Pylon  
  49  4:04  Probe  
  49  4:07  Probe  
  51  4:10  Twilight Council  
  52  4:19  Probe (Chrono Boost)  
  52  4:21  Probe (Chrono Boost)  
  52  4:23  Assimilator  
  53  4:24  Assimilator  
  53  4:29  Pylon  
  53  4:31  Probe (Chrono Boost)  
  55  4:33  Probe (Chrono Boost)  
  55  4:36  Probe (Chrono Boost)  
  56  4:41  Nexus, Probe  
  57  4:47  Probe  
  57  4:49  Charge  
  57  4:52  Sentry  
  60  4:54  Forge  
  60  4:55  Probe (Chrono Boost)  
  60  4:59  Phoenix  
  63  5:01  Probe (Chrono Boost)  
  65  5:07  Probe (Chrono Boost)  
  65  5:11  Probe (Chrono Boost)  
  65  5:12  Robotics Facility  
  65  5:13  Probe (Chrono Boost)  
  67  5:16  Probe (Chrono Boost)  
  69  5:21  Probe (Chrono Boost)  
  69  5:23  Probe (Chrono Boost)  
  69  5:24  Phoenix  
  69  5:27  Protoss Ground Weapons Level 1, Probe (Chrono Boost)  
  63  5:32  Probe (Chrono Boost)  
  63  5:34  Probe (Chrono Boost)  
  66  5:36  Probe (Chrono Boost)  
  66  5:37  Probe (Chrono Boost)  
  66  5:42  Probe  
  68  5:46  Pylon  
  68  5:47  Probe (Chrono Boost)  
  70  5:52  Probe (Chrono Boost), Gateway  
  70  5:53  Gateway  
  70  5:55  Probe (Chrono Boost)  
  72  5:59  Probe (Chrono Boost)  
  72  6:00  Observer, Probe (Chrono Boost)  
  72  6:02  Gateway  
  75  6:04  Robotics Bay  
  75  6:06  Probe (Chrono Boost)  
  75  6:07  Probe x2 (Chrono Boost)  
  75  6:09  Probe (Chrono Boost)  
  78  6:13  Probe (Chrono Boost)  
  79  6:24  Probe x3 (Chrono Boost)  
  83  6:25  Probe (Chrono Boost)  
  83  6:30  Assimilator  
  84  6:32  Gateway, Assimilator  
  84  6:33  Probe (Chrono Boost)  
  84  6:34  Gateway  
  84  6:35  Probe x3 (Chrono Boost)  
  84  6:36  Gateway  
  84  6:37  Observer, Blink (Chrono Boost)  
  84  6:39  Observer  
  86  6:40  Probe  
  86  6:44  Shield Battery, Probe x2  
  86  6:46  Probe, Pylon  
  90  6:52  Probe  
  91  6:57  Extended Thermal Lance, Colossus (Chrono Boost)  
  97  7:01  Probe  
  97  7:02  Probe x2  
  97  7:04  Probe  
  97  7:06  Pylon  
  101  7:09  Shield Battery, Zealot x2  
  101  7:13  Probe  
  101  7:14  Probe, Pylon  
  101  7:15  Probe  
  108  7:16  Probe  
  108  7:20  Robotics Facility  
  109  7:26  Probe  
  109  7:29  Zealot x5, Pylon  
  120  7:35  Photon Cannon  
  120  7:37  Photon Cannon  
  120  7:40  Colossus (Chrono Boost)  
  120  7:41  Pylon  
  126  7:46  Protoss Ground Weapons Level 2 (Chrono Boost)  
  126  7:47  Stalker x3  
  126  7:50  Sentry, Stalker  
  136  7:52  Sentry  
  136  7:54  Pylon  
  138  8:01  Zealot  
  140  8:10  Nexus  
  140  8:11  Pylon  
  140  8:19  Stalker x3  
  146  8:28  Colossus (Chrono Boost)  
  146  8:31  Gateway  
  146  8:34  Gateway  
  152  8:37  Zealot x3, Gateway x2  
  152  8:40  Warp Prism (Chrono Boost)  
  158  8:42  Forge  
  158  8:44  Dark Shrine  
  158  8:46  Stalker x2  
  158  8:47  Shield Battery  
  150  8:58  Observer  
  144  9:05  Observer, Stalker  
  144  9:06  Stalker x5  
  144  9:09  Photon Cannon  
  159  9:20  Disruptor (Chrono Boost)  
  159  9:22  Colossus (Chrono Boost), Pylon  
  165  9:30  Zealot x7  
  179  9:34  Pylon  
  170  9:46  Zealot x4  
  170  9:47  Zealot  
  170  9:51  Zealot x7  
  169  10:07  Stalker x5  
  169  10:11  Stalker x3  
  169  10:12  Stalker  
  182  10:19  Nexus  
Show
View Real Time Build Order
Export as new Build Order

Spirit Terran 

Build Orders:  

Get SALT Encoding   

  12  0:00  SCV  
  13  0:12  SCV  
  14  0:17  Supply Depot  
  14  0:24  SCV  
  15  0:38  SCV  
  15  0:39  Barracks  
  16  0:44  Refinery  
  16  0:50  SCV  
  17  1:02  SCV  
  18  1:15  SCV  
  19  1:26  Marine  
  19  1:27  Orbital Command  
  20  1:40  Command Center  
  20  1:44  Barracks Reactor  
  20  1:52  Supply Depot  
  20  1:54  SCV  
  21  2:06  SCV  
  22  2:08  Factory  
  22  2:18  SCV  
  22  2:21  Bunker, Marine x2  
  25  2:30  SCV  
  26  2:39  Marine x2  
  26  2:42  SCV  
  29  2:52  Hellion  
  29  2:53  Orbital Command, Starport  
  29  2:56  SCV  
  29  2:57  Marine  
  33  3:03  Marine  
  34  3:08  SCV  
  35  3:15  Supply Depot, Widow Mine  
  35  3:19  Marine  
  38  3:20  SCV x2  
  38  3:21  Marine  
  41  3:29  Medivac  
  41  3:32  SCV x2  
  45  3:35  Refinery  
  45  3:38  Widow Mine  
  47  3:42  Supply Depot  
  47  3:44  SCV  
  47  3:45  SCV  
  49  3:57  SCV x2  
  49  3:58  Command Center  
  49  4:04  Viking  
  49  4:09  SCV x2, Factory Tech Lab  
  53  4:10  Marine x2  
  55  4:19  Barracks  
  55  4:21  SCV x2  
  57  4:26  Supply Depot  
  57  4:28  Cyclone  
  57  4:30  Marine x2  
  62  4:40  Refinery  
  62  4:41  Refinery  
  62  4:47  Barracks  
  62  4:48  Viking, SCV x2  
  62  4:51  Supply Depot  
  66  4:56  Marine x2  
  68  5:00  SCV x2  
  68  5:03  Engineering Bay  
  69  5:10  Engineering Bay  
  69  5:12  SCV x2  
  69  5:13  Stimpack  
  71  5:18  Marine  
  71  5:19  SCV  
  71  5:24  SCV  
  71  5:28  Starport Tech Lab  
  71  5:29  SCV  
  71  5:31  Marine  
  71  5:33  Marine  
  76  5:37  Orbital Command  
  76  5:38  SCV  
  76  5:39  Barracks  
  76  5:40  Barracks  
  76  5:41  Factory Reactor  
  71  5:44  Terran Infantry Weapons Level 1  
  71  5:45  Terran Infantry Armor Level 1  
  71  5:46  SCV  
  70  5:50  Missile Turret  
  70  5:51  Combat Shield  
  70  5:55  Missile Turret  
  70  5:58  Marine  
  70  6:00  Orbital Command  
  70  6:01  SCV x2, Starport Reactor  
  73  6:05  Marauder, Marine  
  73  6:08  Marine  
  77  6:13  SCV x2  
  77  6:23  Marine  
  77  6:25  SCV x2  
  80  6:26  Marauder  
  80  6:27  Marauder  
  80  6:30  SCV, Marine  
  86  6:33  Barracks Reactor  
  86  6:34  Supply Depot x2, Barracks Tech Lab  
  86  6:37  SCV  
  86  6:38  Armory  
  87  6:45  Marine  
  87  6:47  Medivac x2  
  90  6:48  Bunker, SCV  
  90  6:53  Concussive Shells  
  93  6:55  SCV  
  93  6:56  SCV, Widow Mine x2, Marauder  
  93  7:01  Supply Depot, SCV  
  100  7:02  Marauder, Marine  
  100  7:07  Supply Depot, SCV  
  100  7:08  SCV  
  106  7:11  Marine  
  106  7:12  Supply Depot  
  106  7:13  Marauder  
  109  7:22  SCV x2, Marine  
  116  7:23  Widow Mine x2  
  116  7:24  Supply Depot, SCV  
  116  7:25  Supply Depot  
  116  7:29  Supply Depot  
  117  7:34  SCV, Marine  
  117  7:35  Marauder  
  117  7:36  Supply Depot  
  122  7:38  Medivac x2  
  122  7:41  SCV  
  122  7:43  Terran Infantry Weapons Level 2  
  130  7:44  Widow Mine x2, Marine  
  130  7:45  Marine  
  130  7:51  Ghost Academy, SCV x2  
  134  7:55  Refinery x2  
  134  7:56  Terran Infantry Armor Level 2  
  137  8:05  Widow Mine x2  
  137  8:08  Medivac, Marine  
  137  8:10  Marine  
  146  8:18  Marine  
  147  8:22  Medivac  
  147  8:25  Marine  
  146  8:27  Command Center, Ghost  
  146  8:28  Marine x2  
  146  8:29  Marauder x2  
  149  8:34  SCV  
  149  8:36  Marine  
  149  8:40  SCV  
  148  8:43  Enhanced Shockwaves, Marine  
  148  8:46  Marine  
  148  8:47  Supply Depot  
  148  8:48  Supply Depot, Widow Mine  
  152  8:50  Marauder x2  
  150  8:56  Marauder  
  150  8:57  Marine  
  150  9:01  Marine  
  133  9:03  Marine  
  133  9:06  Viking x2  
  133  9:07  Marine  
  137  9:10  Supply Depot  
  137  9:12  Marauder x2  
  141  9:17  Starport  
  141  9:18  Marauder  
  141  9:20  SCV  
  141  9:21  Factory Tech Lab  
  141  9:23  Marine  
  145  9:24  Marine  
  145  9:26  Marine  
  145  9:29  Marine  
  146  9:33  Marauder x2  
  150  9:39  Marauder  
  150  9:41  Marine  
  150  9:42  Marine  
  150  9:44  Marine  
  137  9:47  Marine  
  111  9:54  Marauder  
  111  9:55  Marauder  
  111  9:59  Marine  
  111  10:00  Marine  
  111  10:01  Marauder  
  111  10:02  Marine  
Tags
 
Add a new tag
Caveats
  • Supply blocks, unpowered buildings, or Contaminate may cause inaccurate times.
  • Supply counts are checked every 10 seconds.